 Dungeon Crawl Stone Soup version 0.26-a0-835-g8259106e14 (webtiles) character file.

Game seed: 7127011753266508607

546 strifetoe the Chopper (level 7, -7/41 HPs)
             Began as a Gargoyle Fighter on Nov 18, 2020.
             Mangled by an ogre
             ... wielding a +0 giant club
              (18 damage)
             ... on level 4 of the Dungeon.
             The game lasted 00:03:03 (3527 turns).

strifetoe the Chopper (Gargoyle Fighter)            Turns: 3527, Time: 00:03:04

Health: -7/41      AC: 16    Str: 22    XL:     7   Next: 28%
Magic:  7/7        EV:  5    Int:  8    God:
Gold:   239        SH:  9    Dex:  9    Spells: 6/6 levels left

rFire    . . .     SeeInvis .   a - +0 war axe
rCold    . . .     Faith    .   c - +0 kite shield
rNeg     + . .     Spirit   .   e - +0 chain mail (curse)
rPois    ∞         Reflect  .   (no helmet)
rElec    +         Harm     .   (no cloak)
rCorr    .         Rampage  .   v - +0 pair of gloves
MR       .....                  m - +0 pair of boots
Stlth    ..........             (no amulet)
HPRegen  0.13/turn              (no ring)
MPRegen  0.10/turn              (no ring)

@: no status effects
A: negative energy resistance 1, electricity resistance, unbreathing,
petrification resistance, rot immunity, AC +4
a: no special abilities


You were on level 4 of the Dungeon.
You visited 1 branch of the dungeon, and saw 4 of its levels.

You collected 239 gold pieces.

Inventory:

Hand Weapons
 a - a +0 war axe (weapon)
Armour
 b - a +0 scale mail
 c - a +0 kite shield (worn)
 e - a cursed +0 chain mail (worn)
 m - a +0 pair of boots (worn)
 v - a +0 pair of gloves (worn)
Jewellery
 p - a +6 ring of strength {unknown}
Wands
 B - a wand of digging (1)
Scrolls
 g - a scroll of amnesia {unknown}
 h - a scroll of random uselessness {unknown}
 i - 3 scrolls of blinking {unknown}
 j - 3 scrolls of remove curse {unknown}
 k - 2 scrolls of enchant weapon {unknown}
 l - 2 scrolls of noise {unknown}
 s - 2 scrolls of teleportation {unknown}
 u - 3 scrolls of identify {unknown}
 w - a scroll of enchant armour {unknown}
 y - a scroll of fog {unknown}
 C - 2 scrolls of immolation {unknown}
Potions
 d - 3 potions of might
 f - a potion of ambrosia {unknown}
 n - 4 potions of haste {unknown}
 o - a potion of flight {unknown}
 q - a potion of degeneration {unknown}
 r - 2 potions of curing {unknown}
 t - 2 potions of resistance {unknown}
 x - a potion of berserk rage {unknown}
 z - a potion of brilliance {unknown}
 A - a potion of lignification {unknown}


   Skills:
 - Level 3.2 Fighting
 + Level 7.1 Axes
 - Level 3.2 Armour
 - Level 3.2 Shields


You had 6 spell levels left.
You didn't know any spells.
Your spell library was empty.

Dungeon Overview and Level Annotations

Branches:
Dungeon (4/15)             Temple (0/1) D:4

Altars:


Innate Abilities, Weirdness & Mutations

You are resistant to torment.
Your stone body is resilient. (AC +4)
You are immune to poison.
You resist negative energy. (rN+)
You are resistant to electric shocks. (rElec)
You can survive without breathing.
You are immune to petrification.
You are immune to rotting.


Message History

You are too injured to fight recklessly!
You are too injured to fight recklessly!
You are too injured to fight recklessly!
You are too injured to fight recklessly!
Unknown command.
You slash the ogre!
The ogre is heavily wounded.
The ogre hits you with a +0 giant club!
* * * LOW HITPOINT WARNING * * *
You barely miss the ogre.
The ogre is heavily wounded.
You block the ogre's attack.
Unknown command.
You hit the ogre.
The ogre is severely wounded.
You block the ogre's attack.
You hit the ogre.
The ogre is almost dead.
The ogre hits you with a +0 giant club!!
You die...

#.#.##..#..##.#.#.
#.#.##..#.....#.#.
#.#.##....###.#.#.
#.#.###.#######.#.
#.#.# #.........#.
#.#.# ###########.
#.#.# ###......
#O#.# #.......#
#@#.# #.#.###.#
#.#.######.#.# #.#
#.#........#.# #.#
#.........##.# #.#
#.........+..# #.#
##........######.#
#.............#.#
#.###########.#.#
#$. #.#.#


You could see an ogre.

Vanquished Creatures
  An ogre (D:2)
  A centaur (D:2)
  A bullfrog skeleton (D:4)
  An orc wizard (D:3)
  Natasha (thrice) (D:3)
  4 worker ants (D:4)
  7 adders
  An ooze (D:1)
  3 worms
  2 dart slugs (D:1)
  A leopard gecko (D:2)
  4 orcs (D:3)
  14 bats
  A giant cockroach (D:1)
  5 goblins
  6 hobgoblins
  4 jackals (D:1)
  6 kobolds
  4 quokkas
  A ball python (D:1)
  5 frilled lizards
  A quokka skeleton (D:4)
  5 rats
81 creatures vanquished.

Notes
Turn   | Place    | Note
-------+----------+-------------------------------------------
     0 | D:1      | strifetoe the Gargoyle Fighter began the quest for the Orb.
     0 | D:1      | Reached XP level 1. HP: 14/14 MP: 1/1
    66 | D:1      | Reached skill level 2 in Axes
   176 | D:1      | Reached XP level 2. HP: 18/19 MP: 2/2
   336 | D:1      | Reached skill level 3 in Axes
   345 | D:1      | Reached XP level 3. HP: 23/23 MP: 3/3
  1170 | D:2      | Reached XP level 4. HP: 28/28 MP: 4/4
  1216 | D:2      | Reached skill level 4 in Axes
  1452 | D:2      | Noticed an ogre
  1471 | D:2      | Killed an ogre
  1472 | D:2      | Reached skill level 5 in Axes
  1472 | D:2      | Reached XP level 5. HP: 32/32 MP: 5/5
  1618 | D:2      | Noticed a centaur
  1626 | D:2      | Killed a centaur
  1627 | D:2      | Reached XP level 6. HP: 25/37 MP: 6/6
  1910 | D:3      | Reached skill level 6 in Axes
  2395 | D:3      | Noticed Natasha
  2403 | D:3      | Killed Natasha
  2860 | D:3      | Noticed Natasha
  2871 | D:3      | Killed Natasha
  2880 | D:3      | Noticed Natasha
  2891 | D:3      | Killed Natasha
  3183 | D:4      | Reached XP level 7. HP: 41/41 MP: 7/7
  3285 | D:4      | Found a staircase to the Ecumenical Temple.
  3378 | D:4      | Reached skill level 7 in Axes
  3527 | D:4      | Mangled by an ogre

Illustrated notes

Levels and vault maps discovered:
D:1:      erik_arrival_cave_to_civilisation [erik_arrival_cave_to_temple],
          layout_basic, dk_noncrumbling_2, minmay_ruptured
D:2:      layout_rooms, minmay_crystal_water, minmay_split_cup_small
D:3:      layout_basic, uniq_natasha
D:4:      layout_basic, minmay_temple_entry_butterflies,
          kennysheep_generic_room_10, uniq_duvessa

Skill      XL: |  1  2  3  4  5  6  7 |
---------------+----------------------+-----
Axes           | 2 3 5 6 7 |  7.1
Fighting       | |  3.2
Armour         | |  3.2
Shields        | |  3.2

Action                   |  1- 3 |  4- 6 |  7- 9 || total
-------------------------+-------+-------+-------++-------
Melee: War axe           |   108 |   135 |    38 ||   281
Armor: Scale mail        |    30 |       |       ||    30
       Chain mail        |    68 |    93 |    18 ||   179
Dodge: Dodged            |    36 |    38 |     6 ||    80
Block: Kite shield       |    69 |    80 |    16 ||   165

Table legend: (Time is in decaauts)
 A = Elapsed time spent in this place.
 B = Non-inter-level travel time spent in this place.
 C = Inter-level travel time spent in this place.
 D = Time resting spent in this place.
 E = Time spent auto-exploring this place.
 F = Levels seen in this place.
 G = Mean time per level.
                   A        B        C        D        E       F      G
               +--------+--------+--------+--------+--------+-----+--------+
         Total |   3638 |   3517 |    121 |    404 |   2460 |   4 |  909.5 |
       Dungeon |   3638 |   3517 |    121 |    404 |   2460 |   4 |  909.5 |
               +--------+--------+--------+--------+--------+-----+--------+

Top non-repeatable levels by time:
     D:3: 1214 daAuts
     D:1: 1125 daAuts
     D:2: 783 daAuts
     D:4: 515 daAuts
